 Dungeon Sprint DCSS version 0.30-a0-364-gf6b3ef1049 (webtiles) character file.

Game seed: 14156562275887468637

12244 rocky1 the Phalangite (level 11, -3/112 HPs)
             Began as a Minotaur Gladiator on Nov 15, 2022.
             Was an Initiate of Gozag.
             Slain by a dire elephant (34 damage)
             ... in the Dungeon (Sprint III: "The Ten Rune Challenge").
             The game lasted 00:11:34 (2858 turns).

rocky1 the Phalangite (Minotaur Gladiator)          Turns: 2858, Time: 00:11:35

Health: -3/112     AC:  7    Str: 22    XL:     11   Next: 59%
Magic:  10/10      EV: 16    Int:  5    God:    Gozag
Gold:   1375       SH:  0    Dex: 13    Spells: 10/10 levels left

rFire   + . .      SeeInvis .    b - +2 glaive (vorpal)
rCold   + . .      Faith    .    (shield currently unavailable)
rNeg    . . .      Spirit   .    p - +0 ring mail
rPois   +          Reflect  .    c - +0 hat
rElec   +          Harm     .    (no cloak)
rCorr   +          Rampage  .    (no gloves)
Will    .....      NoTele   +    (no boots)
Stlth   ++........               (no amulet)
HPRegen 0.38/turn                (no ring)
MPRegen 0.12/turn                (no ring)

@: mighty, resistant, gold aura, hasted, very quick
A: horns 2, retaliatory headbutt
a: Renounce Religion, Potion Petition, Call Merchant, Bribe Branch


You were in the Dungeon.
You worshipped Gozag.
Gozag was most pleased with you.
You visited 1 branch You collected 6191 gold pieces.
You spent 1461 gold pieces at shops.
You paid 3355 gold pieces to Gozag.

Inventory:

Hand Weapons
 a - a +1 shortbow of freezing
 b - a +2 vorpal glaive (weapon)
 j - the +10 morningstar of Integrity {vorpal, *Noise rF+ Str+3}
   (You bought it in a shop in the Dungeon)

   It inflicts extra damage upon your enemies.
   Str:       It affects your strength (+3).
   rF:        It protects you from fire.
   *Noise:    It may make noises in combat.
 n - a +0 long sword of holy wrath
 q - a +0 longbow of flaming
 r - a +0 trident
Missiles
 d - 2 throwing nets (quivered)
 e - 6 javelins
Armour
 c - a +0 hat (worn)
 g - a +0 leather armour
 p - a +0 ring mail (worn)
Wands
 l - a wand of digging (3)
Scrolls
 k - a scroll of blinking
 t - 2 scrolls of immolation {unknown}
 u - a scroll of identify {unknown}
 v - a scroll of torment {unknown}
Potions
 h - 3 potions of haste
 i - 3 potions of magic
 o - a potion of might
 s - 7 potions of mutation
 w - 2 potions of flight
Miscellaneous
 m - a condenser vane


   Skills:
 + Level 15.1 Fighting
 + Level 21.1 Polearms
 - Level 4.8 Throwing
 + Level 10.8 Armour
 + Level 12.8 Dodging
 + Level 4.4 Stealth
 * Level 11.0 Evocations


You had 10 spell levels left.
You didn't know any spells.
Your spell library contained the following spells:

 Spells                   Type           Power      Damage    Failure   Level
 Summon Small Mammal      Summ           0%         N/A       61%         1
 Call Canine Familiar     Summ           0%         N/A       93%         3
 Summon Guardian Golem    Hex/Summ       0%         N/A       93%         3


Dungeon Overview and Level Annotations

Branches:
Dungeon (1/1)

Altars:
Cheibriados
Dithmenos
Elyvilon
Fedhas
Gozag
Hepliaklqana
Kikubaaqudgha
Makhleb
Nemelex Xobeh
Okawaru
Qazlal
Ru
Sif Muna
Trog
Uskayaw
Vehumet
Wu Jian
Xom
Yredelemnul
Zin
The Shining One
Jiyva
Lugonu

Shops:
D (!(

Annotations:
D Gastronok


Innate Abilities, Weirdness & Mutations

You have a pair of horns on your head.
You reflexively headbutt those who attack you in melee.


Message History

The dire elephant is lightly wounded.
You slice the dire elephant!! You headbutt the dire elephant.
The dire elephant is heavily wounded.
The dire elephant closely misses you. You furiously retaliate!
You headbutt the dire elephant. The dire elephant barely misses you.
You slice the dire elephant!!
The dire elephant is almost dead.
You hit the dire elephant but do no damage.
You headbutt the dire elephant.
The dire elephant is almost dead.
The dire elephant misses you. The dire elephant closely misses you.
The elephant tramples something!
The elephant trunk-slaps something.
You slice the dire elephant!!
You kill the dire elephant!
Your Fighting skill increases to level 15!
Your Evocations skill increases to level 11!
Unknown command.
You are too injured to fight recklessly!
You are too injured to fight recklessly!
Reach: b) +2 glaive (vorpal)
Press: ? - help, Dir - move target, f - Gastronok
Aim: Gastronok, wearing a +0 hat of intelligence (about 6% to evade your +2 vorpal glaive)
You reach to attack!
You cut Gastronok into ribbons!!!
Gastronok is moderately wounded.
The elephant completely misses something.
The elephant trunk-slaps something.
You chop the dire elephant into pieces!!!
The dire elephant is moderately wounded.
You slice the dire elephant!!
The dire elephant is heavily wounded.
The dire elephant tramples you!!
* * * LOW HITPOINT WARNING * * *
You stumble backwards!
You slash the dire elephant!
The dire elephant is severely wounded.
You slash the dire elephant! You headbutt the dire elephant!
The dire elephant is almost dead.
The dire elephant tramples you!!
You die...
Your body crumbles into a pile of gold.

▓.................#___#_
▓▓▓▓▓▓▓▓▓▓▓▓▓▓▓▓▓▓▓▓▓▓▓▓
▓...+~~§§≈.≈~.♣♣.....♣♣
▓Y.P#.≈≈§§§§~.♣♣.≈≈≈≈'♣
▓YPP#≈~§§§§~~≈.'.....#.
▓..P#≈~~§§~≈≈.♣♣♣♣♣♣♣#.
..[#~~≈~≈≈≈~≈♣ ##
▓##Y####'#######♣ ♣♣♣
▓..w$Y@..)......♣ ♣..
▓#+#############+ ♣♣.


.JJ ♣. ▓... ♣♣ ▓.J. ♣♣ ▓J.. ♣. #+## ## You could see Gastronok, a dire elephant
and an elephant.

Vanquished Creatures
  Rupert (D)
  A dire elephant (D)
  Josephine (D)
  A centaur warrior (D)
  Urug (D)
  A deep elf knight (D)
  A lindwurm (D)
  4 deep elf pyromancers (D)
  A deep elf zephyrmancer (D)
  2 cane toads (D)
  An unseen horror (D)
  A komodo dragon (D)
  A rime drake (D)
  3 wandering mushrooms (D)
  2 tyrant leeches (D)
  5 blink frogs (D)
  A shadow (D)
  3 redbacks (D)
  A spatial vortex (D)
  4 orc warriors (D)
  A swamp drake (D)
  2 centaurs (D)
  An earth elemental (D)
  A necrophage (D)
  A scorpion (D)
  A water elemental (D)
  A jelly (D)
  An orc priest (D)
  Jessica (D)
  A wizard (D)
  A necromancer (D)
  An orc wizard (D)
  3 humans (D)
  A kobold demonologist (D)
  12 orcs (D)
  An endoplasm (D)
  2 rats (D)
68 creatures vanquished.

Notes
Turn   | Place    | Note
-------+----------+-------------------------------------------
     0 | D        | rocky1 the Minotaur Gladiator began the quest for the Orb.
     0 | D        | Reached XP level 1. HP: 18/18 MP: 0/0
     8 | D        | Reached skill level 4 in Polearms
    55 | D        | Noticed Jessica
    57 | D        | Noticed a scorpion
    57 | D        | Killed Jessica
    58 | D        | Reached skill level 5 in Polearms
    58 | D        | Reached skill level 5 in Dodging
    58 | D        | Reached XP level 2. HP: 26/26 MP: 1/1
    58 | D        | Reached XP level 3. HP: 31/31 MP: 2/2
    65 | D        | Killed a scorpion
    66 | D        | Reached skill level 7 in Polearms
    66 | D        | Reached XP level 4. HP: 40/40 MP: 3/3
   100 | D        | Reached skill level 8 in Polearms
   140 | D        | Noticed a water elemental
   146 | D        | Killed a water elemental
   147 | D        | Reached skill level 5 in Fighting
   147 | D        | Reached skill level 9 in Polearms
   147 | D        | Reached XP level 5. HP: 7/48 MP: 4/4
   305 | D        | Noticed a shadow
   316 | D        | Killed a shadow
   317 | D        | Reached skill level 11 in Polearms
   317 | D        | Reached XP level 6. HP: 44/57 MP: 5/5
   497 | D        | Found a blossoming altar of Fedhas.
   497 | D        | Found a stormy altar of Qazlal.
   497 | D        | Found a snail-covered altar of Cheibriados.
   497 | D        | Found a burning altar of Makhleb.
   497 | D        | Found a shimmering altar of Xom.
   498 | D        | Found a hazy altar of Hepliaklqana.
   498 | D        | Found an opulent altar of Gozag.
   498 | D        | Found a sparkling altar of Nemelex Xobeh.
   498 | D        | Found a corrupted altar of Lugonu.
   498 | D        | Found a viscous altar of Jiyva.
   498 | D        | Noticed a spatial vortex
   503 | D        | Became a worshipper of Gozag Ym Sagoz the Greedy
   508 | D        | Killed a spatial vortex
   509 | D        | Reached skill level 12 in Polearms
   534 | D        | Found a basalt altar of Yredelemnul.
   534 | D        | Found a shadowy altar of Dithmenos.
   534 | D        | Found a sacrificial altar of Ru.
   543 | D        | Reached skill level 1 in Evocations
   543 | D        | Reached XP level 7. HP: 60/66 MP: 6/6
   563 | D        | Found a radiant altar of Vehumet.
   563 | D        | Found a shimmering blue altar of Sif Muna.
   563 | D        | Found an ancient bone altar of Kikubaaqudgha.
   585 | D        | Found a glowing silver altar of Zin.
   585 | D        | Found a glowing golden altar of the Shining One.
   585 | D        | Found a white marble altar of Elyvilon.
   586 | D        | Noticed a deep elf pyromancer
   594 | D        | Noticed a fire elemental
   597 | D        | Killed a deep elf pyromancer
   598 | D        | Reached skill level 14 in Polearms
   598 | D        | Reached skill level 10 in Dodging
   598 | D        | Reached XP level 8. HP: 23/74 MP: 7/7
   761 | D        | Found a hide-covered altar of Uskayaw.
   761 | D        | Found an iron altar of Okawaru.
   761 | D        | Found a bloodstained altar of Trog.
   761 | D        | Found an ornate altar of the Wu Jian Council.
   766 | D        | Reached skill level 5 in Armour
   870 | D        | Noticed Josephine
   889 | D        | Killed Josephine
   890 | D        | Reached skill level 15 in Polearms
   890 | D        | Reached skill level 5 in Evocations
  1029 | D        | Reached skill level 1 in Stealth
  1029 | D        | Reached XP level 9. HP: 27/84 MP: 8/8
  1035 | D        | Reached skill level 16 in Polearms
  1219 | D        | Found Miusimedgh's Antique Weapon Shop.
  1245 | D        | Bought a runed glaive for 218 gold pieces
  1245 | D        | Bought a scorched morningstar for 207 gold pieces
  1245 | D        | Identified the +10 morningstar of Integrity {vorpal, *Noise
                  | rF+ Str+3} (You bought it in a shop in the Dungeon)
  1252 | D        | Noticed a deep elf knight
  1252 | D        | Noticed a deep elf zephyrmancer
  1252 | D        | Noticed a deep elf pyromancer
  1252 | D        | Noticed a deep elf pyromancer
  1252 | D        | Noticed a deep elf pyromancer
  1267 | D        | Killed a deep elf knight
  1268 | D        | Reached skill level 10 in Fighting
  1268 | D        | Killed a deep elf pyromancer
  1269 | D        | Reached skill level 17 in Polearms
  1274 | D        | Killed a deep elf zephyrmancer
  1276 | D        | Killed a deep elf pyromancer
  1277 | D        | Reached XP level 10. HP: 55/96 MP: 9/9
  1279 | D        | Killed a deep elf pyromancer
  1280 | D        | Reached skill level 18 in Polearms
  1283 | D        | Noticed a deep elf demonologist
  1413 | D        | Noticed a centaur warrior
  1428 | D        | Killed a centaur warrior
  1691 | D        | Bought a runed longbow for 218 gold pieces
  1691 | D        | Bought a runed shortbow for 138 gold pieces
  1701 | D        | Bought a potion of mutation for 136 gold pieces
  1701 | D        | Bought a potion of mutation for 136 gold pieces
  1701 | D        | Bought 2 potions of haste for 340 gold pieces
  1701 | D        | Bought a potion of might for 68 gold pieces
  1848 | D        | Noticed a cane toad
  1848 | D        | Noticed a cane toad
  1855 | D        | Killed a cane toad
  1856 | D        | Reached skill level 19 in Polearms
  1861 | D        | Killed a cane toad
  2438 | D        | Reached XP level 11. HP: 90/107 MP: 10/10
  2485 | D        | Noticed a lindwurm
  2490 | D        | Killed a lindwurm
  2491 | D        | Reached skill level 10 in Armour
  2532 | D        | Noticed Urug
  2537 | D        | Killed Urug
  2538 | D        | Reached skill level 20 in Polearms
  2538 | D        | Reached skill level 10 in Evocations
  2829 | D        | Noticed Rupert
  2829 | D        | Paralysed by Rupert for 3 turns
  2839 | D        | Killed Rupert
  2840 | D        | Reached skill level 21 in Polearms
  2846 | D        | Noticed an azure jelly
  2846 | D        | Noticed an azure jelly
  2846 | D        | Noticed an azure jelly
  2846 | D        | Noticed an azure jelly
  2847 | D        | Noticed a dire elephant
  2847 | D        | Noticed a dire elephant
  2847 | D        | Noticed Gastronok
  2853 | D        | Killed a dire elephant
  2854 | D        | Reached skill level 15 in Fighting
  2858 | D        | Slain by a dire elephant

Illustrated notes

Levels and vault maps discovered:
D:        dungeon_sprint_mu [sprint_mu_entry_forest, sprint_mu_temple_rooms,
          sprint_mu_d1_horrors, sprint_mu_d2_genie, sprint_mu_d3_branching,
          sprint_mu_orc_legion, sprint_mu_elf_gauntlet, sprint_mu_hive_nellie,
          sprint_mu_lair_fedhas, sprint_mu_vaults_butterflies,
          sprint_mu_slime_circle, sprint_mu_shoals_kraken,
          sprint_mu_snake_twists, sprint_mu_blade_basic,
          sprint_mu_crypt_fortress, sprint_mu_tomb_spiral,
          sprint_mu_vestibule_basic, sprint_mu_gehenna_hellfire,
          sprint_mu_dis_giant, sprint_mu_tartarus_statrot,
          sprint_mu_cocytus_islands, sprint_mu_zot1]

Skill      XL: |  1  2  3  4  5  6  7  8  9 10 11 |
---------------+----------------------------------+-----
Polearms       | 5 7 9 11 12 14 15 17 19 21 | 21.1
Fighting       | 3 4 5 6 7 8 9 11 13 15 | 15.1
Dodging        | 5 6 7 8 9 10 11 12 | 12.8
Throwing       | 3 4 |  4.8
Armour         | 2 3 4 6 8 9 10 | 10.8
Evocations     | 1 3 5 7 9 11 | 11.0
Stealth        | 1 2 4 |  4.4

Action                   |  1- 3 |  4- 6 |  7- 9 | 10-12 || total
-------------------------+-------+-------+-------+-------++-------
Melee: Trident           |    16 |    44 |    86 |       ||   146
       Headbutt          |       |     7 |    15 |    16 ||    38
       Punch             |       |       |     2 |       ||     2
       Glaive            |       |       |    15 |   128 ||   143
Throw: Throwing net      |     1 |       |       |       ||     1
Invok: Potion Petition   |       |       |     4 |     1 ||     5
       Call Merchant     |       |       |       |     2 ||     2
Evoke: Wand              |       |       |       |     1 ||     1
  Use: Potion            |       |       |     2 |     4 ||     6
 Stab: Sleeping          |       |       |       |     3 ||     3
Armor: Leather armour    |     1 |     5 |     3 |       ||     9
       Ring mail         |       |       |     7 |    13 ||    20
Dodge: Dodged            |     3 |    17 |    23 |    42 ||    85

Table legend: (Time is in decaauts)
 A = Elapsed time spent in this place.
 B = Non-inter-level travel time spent in this place.
 C = Inter-level travel time spent in this place.
 D = Time resting spent in this place.
 E = Time spent auto-exploring this place.
 F = Levels seen in this place.
 G = Mean time per level.
                   A        B        C        D        E       F      G
               +--------+--------+--------+--------+--------+-----+--------+
         Total |   2787 |   2690 |     97 |   1934 |      0 |   1 | 2787.0 |
       Dungeon |   2787 |   2690 |     97 |   1934 |      0 |   1 | 2787.0 |
               +--------+--------+--------+--------+--------+-----+--------+

Top non-repeatable levels by time:
       D: 2787 daAuts
